Map: Tours du crépuscule

Players

falkomat - Winner!

  • Race: Zerg Zerg
  • League: Gold
  • Spawn Location: 1:00

zidar

  • Race: Zerg Zerg
  • League: Gold
  • Spawn Location: 7:00

VOD

Have the link to the VOD?

Description

Time

  • Played on: June 18, 2016, 8:51 a.m.
  • Length: 6:59
Show
View Real Time Build Order
Export as new Build Order

falkomat Zerg - Winner!

Build Orders: Pool First 

Get SALT Encoding   

  12  0:21  Spawning Pool  
  12  0:23  Drone  
  12  0:27  Drone  
  13  0:32  Drone  
  14  0:43  Overlord  
  14  1:09  Zergling x6  
  17  1:21  Spine Crawler, Zergling x2  
  17  1:37  Queen  
  19  1:52  Extractor  
  18  1:55  Drone x3  
  20  2:10  Zergling x2  
  18  2:34  Queen  
  17  2:38  Hatchery  
  16  2:48  Zergling x8  
  16  2:49  Zergling x2  
  20  3:06  Zergling x2  
  20  3:08  Overlord  
  21  3:16  Spine Crawler  
  20  3:32  Drone x3  
  22  4:00  Queen  
  22  4:02  Drone x5  
  29  4:21  Overlord  
  28  4:36  Overlord  
  28  4:43  Overlord  
  28  4:44  Zergling x8  
  32  4:47  Metabolic Boost  
  32  5:15  Zergling x4  
  32  5:16  Zergling x12  
  32  5:19  Zergling x2  
  41  5:28  Overlord, Zergling x2  
  41  5:32  Zergling x2  
  43  5:44  Zergling x2  
  43  5:45  Zergling x6  
  47  5:56  Overlord  
  47  5:57  Zergling x2  
  47  5:58  Zergling x2  
  47  6:00  Zergling x2  
  47  6:02  Zergling x2  
  51  6:12  Zergling x6  
  51  6:13  Zergling x2  
  51  6:16  Zergling x2  
  56  6:24  Zergling x6  
  59  6:32  Zergling x4  
  61  6:35  Zergling x4  
  63  6:42  Zergling x4  
Show
View Real Time Build Order
Export as new Build Order

zidar Zerg 

Build Orders: Pool First 

Get SALT Encoding   

  12  0:18  Spawning Pool  
  11  0:22  Drone  
  12  0:31  Overlord  
  12  0:36  Drone  
  13  1:05  Zergling x6  
  13  1:06  Queen  
  18  1:16  Zergling x2  
  19  1:31  Zergling x2  
  20  1:42  Roach Warren  
  20  1:44  Extractor  
  20  1:45  Zergling x2  
  19  1:55  Drone  
  18  2:18  Zergling x8  
  21  2:35  Zergling x2  
  19  2:49  Drone x3  
  22  3:03  Overlord  
  22  3:21  Queen  
  19  3:45  Drone x3  
  22  3:48  Drone  
  22  3:51  Hatchery  
  21  4:03  Zergling x6  
  24  4:12  Overlord  
  24  4:19  Overlord x3  
  24  4:31  Metabolic Boost  
  24  4:47  Hatchery  
  23  5:01  Drone x5  
  28  5:13  Queen  
  30  5:18  Drone  
  30  5:29  Extractor  
  30  5:30  Zergling x6  
  32  6:07  Zergling x22  
  32  6:08  Zergling x2  
  44  6:15  Drone x2  
  46  6:35  Roach x5  
Tags
 
Add a new tag
Caveats
  • Supply blocks, unpowered buildings, or Contaminate may cause inaccurate times.
  • Supply counts are checked every 10 seconds.